 Dungeon Crawl Stone Soup version 0.25-a0-565-g8875c97 (webtiles) character file.

Game seed: 2903195416330997768, levelgen mode: deterministic

189 tyvek the Ruffian (level 5, 0/40 HPs)
             Began as a Draconian Transmuter on Feb 26, 2020.
             Slain by an orc priest
             ... wielding a +0 flail
              (12 damage)
             ... on level 4 of the Dungeon.
             The game lasted 00:08:11 (3448 turns).

tyvek the Ruffian (Draconian Transmuter)            Turns: 3448, Time: 00:08:11

Health: 0/40       AC:  5    Str: 13    XL:     5   Next: 40%
Magic:  4/9        EV: 12    Int: 13    God:
Gold:   127        SH:  0    Dex: 12    Spells: 7/10 levels left

rFire    . . .     SeeInvis .     - Unarmed
rCold    . . .     Gourm    .   (no shield)
rNeg     + . .     Faith    .   (armour unavailable)
rPois    .         Spirit   .   (helmet restricted)
rElec    .         Reflect  .   (no cloak)
rCorr    .         Harm     .   (no gloves)
MR       .....                  (no boots)
Stlth    +.........             (no amulet)
HPRegen  0.13/turn              N - ring of positive energy
MPRegen  0.11/turn              (no ring)

@: no status effects
A: unfitting armour, cold-blooded, AC +5
a: no special abilities


You were on level 4 of the Dungeon.
You were hungry.

You visited 1 branch of the dungeon, and saw 4 of its levels.

You collected 127 gold pieces.


Innate Abilities, Weirdness & Mutations

Your plain brown scales are hard. (AC +5)
You cannot fit into any form of body armour.
You are cold-blooded and may be slowed by cold attacks.


   Skills:
 - Level 1.1 Fighting
 - Level 1.7 Dodging
 * Level 4.8 Unarmed Combat
 + Level 3.1 Spellcasting
 + Level 3.2 Transmutations


You had 7 spell levels left.
You knew the following spells:

 Your Spells              Type           Power        Failure   Level  Hunger
t - Sticks to Snakes      Tmut           ##......     9%          2    ##.....
z - Beastly Appendage     Tmut           ##....       6%          1    #......

Your spell library contained the following spells:

 Spells                   Type           Power        Failure   Level  Hunger
 Spider Form              Tmut/Pois      #.........   34%         3    ###....
 Ice Form                 Ice/Tmut       #.......     75%         4    #####..
 Blade Hands              Tmut           ##........   86%         5    ######.

Inventory:

Missiles
 a - 51 arrows
 d - 84 stones (quivered)
 g - 33 sling bullets
 l - a throwing net {=f}
 o - 2 poisoned darts
Jewellery
 N - a ring of positive energy (left hand)
Wands
 p - a wand of polymorph (6)
Scrolls
 e - 2 scrolls of teleportation {unknown}
 h - a scroll of fear {unknown}
 k - a scroll of blinking {unknown}
 m - a scroll of fog {unknown}
 n - a scroll of enchant weapon
 s - a scroll of remove curse {unknown}
Potions
 b - 3 potions of flight
 f - 2 potions of lignification {!q}
 i - a potion of curing {@q1}
 j - a potion of mutation {!q}
 r - a potion of brilliance
 t - a potion of haste {unknown}
Comestibles
 c - 4 rations
 q - a chunk of flesh

Dungeon Overview and Level Annotations

Branches:
Dungeon (4/15)
 Temple: D:4-7

Altars:
Okawaru
Uskayaw

#...# #...#
#...# #...#
#...# #...#
###.###...#
...(...<..#
########@###
#.)...oS..######
#.#####........#
#.# #.......#.#
#.# #.......#.#
#.# #.......#.#
#o####.......#.#
#...##.......#.#
###.##.......#.#


You could see an orc priest and a friendly adder.


Message History

Confirm with . or Enter, or press ? or * to list all spells.
You create a snake!
You now have 51 arrows.
Your adder bites the orc but does no damage.
You hit the orc.
You kill the orc!
Your talons disappear.
What are your orders? t - Shout!
Orders for allies: a - Attack new target. r - Retreat! s - Stop attacking. g - Guard the area. f - Follow me.
Anything else - Cancel.
Gang up on whom?
Press: ? - help, Dir - move target cursor, f - orc priest
Aim: an orc priest, wielding a +0 flail and wearing a +0 scale mail Attack!
Your adder closely misses the orc priest.
The orc priest hits you with a +0 flail!
* * * LOW HITPOINT WARNING * * *
Your adder closely misses the orc priest.
Things that are here:
a +0 flail; a +0 leather armour of magic resistance You hit the orc priest.
The orc priest is lightly wounded.
The orc priest barely misses you.
Your adder bites the orc priest.
You barely miss the orc priest.
The orc priest is moderately wounded.
Your adder closely misses the orc priest.
The orc priest hits you with a +0 flail!
You die...

Skill      XL: |  1  2  3  4  5 |
---------------+----------------+-----
Unarmed Combat | 4 |  4.8
Transmutations | 3 |  3.2
Spellcasting   | 3 |  3.1
Fighting       | |  1.1
Dodging        | |  1.7

Action                   |  1- 3 |  4- 6 || total
-------------------------+-------+-------++-------
Melee: Unarmed           |   120 |    94 ||   214
       Kick              |     3 |     3 ||     6
       Headbutt          |     8 |     7 ||    15
       Tailslap          |     8 |     7 ||    15
       Punch             |       |     2 ||     2
Throw: Stone             |    80 |    78 ||   158
 Cast: Beastly Appendage |    11 |    11 ||    22
       Sticks to Snakes  |     3 |     5 ||     8
 Abil: End Transformatio |     1 |     1 ||     2
  Use: Scroll            |     3 |     3 ||     6
 Stab: Distracted        |     1 |       ||     1
  Eat: Chunk             |     1 |     4 ||     5
       Ration            |     1 |       ||     1
Armor: Skin              |    42 |    28 ||    70
Dodge: Dodged            |    93 |    72 ||   165

Levels and vault maps discovered:
D:1:      elethiomel_arrival_maze, layout_rooms, minmay_pentomino_u4
D:2:      layout_basic, okawaru_altar_gauntlet_db, uniq_jessica
D:3:      layout_basic, eat_drink_and_be_merry_uskayaw, first_ration,
          patterned_corridor, uniq_ijyb
D:4:      minmay_opposing_rooms, layout_basic, minmay_temple_entry_proselytizer,
          serial_shops, shop, uniq_pikel, uniq_crazy_yiuf_cottage

Notes
Turn   | Place    | Note
-------+----------+-------------------------------------------
     0 | D:1      | tyvek the Draconian Transmuter began the quest for the Orb.
     0 | D:1      | Reached XP level 1. HP: 16/16 MP: 3/3
   113 | D:1      | Reached XP level 2. HP: 3/23 MP: 3/5
   939 | D:2      | Learned a level 2 spell: Sticks to Snakes
  1114 | D:2      | HP: 2/23 [worm (9)]
  1126 | D:2      | HP: 1/23 [rat (1)]
  1131 | D:2      | HP: 1/23 [rat (1)]
  1596 | D:2      | Reached XP level 3. HP: 21/28 MP: 4/6
  1742 | D:2      | Noticed Jessica
  1765 | D:2      | Killed Jessica
  1765 | D:2      | Reached skill level 4 in Unarmed Combat
  1993 | D:2      | Reached XP level 4. HP: 33/35 MP: 7/7
  2080 | D:2      | Found an iron altar of Okawaru.
  2269 | D:3      | Noticed Ijyb
  2286 | D:3      | Killed Ijyb
  2286 | D:3      | Reached skill level 3 in Transmutations
  2526 | D:3      | Reached XP level 5. HP: 40/40 MP: 7/9
  2581 | D:3      | Reached skill level 3 in Spellcasting
  2782 | D:3      | Found a hide-covered altar of Uskayaw.
  3448 | D:4      | Slain by an orc priest

Vanquished Creatures
  Jessica (D:2)
  Ijyb (D:3)
  2 gnolls (D:2)
  4 adders
  An ooze (D:3)
  2 worms (D:3)
  3 leopard geckos
  6 orcs
  3 giant cockroaches
  8 goblins
  8 hobgoblins
  2 jackals (D:2)
  8 kobolds
  A quokka (D:2)
  6 bats
  5 frilled lizards
  6 rats
67 creatures vanquished.

Vanquished Creatures (collateral kills)
  A worm (D:2)
1 creature vanquished.

Grand Total: 68 creatures vanquished
